[Event "December 19 Early 2023"]
[Site "https://www.chess.com"]
[Date "2023.12.19"]
[Round "2"]
[White "San Thit Lwin"]
[Black "Sroczynski, Maciej"]
[Result "1-0"]
[Board "191"]
[TimeControl "180+1"]
[WhiteFideId "13001272"]
[BlackFideId "1121472"]
[WhiteElo "2232"]
[BlackElo "2266"]
[WhiteTeam "MYA"]
[BlackTeam "POL"]
[WhiteClock "0:00:11"]
[BlackClock "0:00:48"]

1. Nf3 c5 2. c4 g6 3. Nc3 Bg7 4. e4 Nc6 5. Be2 e6 6. O-O Nge7 7. d3 a6 8. Be3 Nd4 9. Rc1 O-O 10. a3 d6 11. b4 b6 12. Re1 Bb7 13. Bf1 Rc8 14. bxc5 bxc5 15. Bxd4 cxd4 16. Ne2 d5 17. Nexd4 dxe4 18. dxe4 Qa5 19. Qb3 Rb8 20. Qb4 Qc7 21. Qa4 Rfd8 22. Rcd1 Nc6 23. Nb3 Ne5 24. Nxe5 Bxe5 25. h3 Bc6 26. Rxd8+ Rxd8 27. Qa5 Qb8 28. Qxa6 Rd6 29. c5 Rd8 30. Qxc6 Qxb3 31. Qb6 Rb8 32. Qxb3 Rxb3 33. Rc1 Rxa3 34. c6 Bc7 35. g3 Kf8 36. Rd1 Ra2 37. Rd7 Ra7 38. Bb5 h5 39. f4 Ke8 40. Kg2 Ra2+ 41. Kf3 Ra7 42. g4 hxg4+ 43. hxg4 Ra3+ 44. Ke2 Bxf4 45. c7 Bxc7 46. Rd3+ 1-0

[Event "December 19 Early 2023"]
[Site "https://www.chess.com"]
[Date "2023.12.19"]
[Round "2"]
[White "Sadovsky, Artem"]
[Black "Fernandez Sanchez, Mario Andres"]
[Result "1-0"]
[Board "192"]
[TimeControl "180+1"]
[WhiteFideId "4155840"]
[BlackFideId "6501621"]
[WhiteElo "2314"]
[BlackElo "2050"]
[WhiteTeam "FID"]
[BlackTeam "CRC"]
[WhiteClock "0:00:18"]
[BlackClock "0:00:03"]

1. Nf3 d5 2. e3 c6 3. c4 Nf6 4. b3 Bf5 5. Bb2 e6 6. Be2 h6 7. O-O Be7 8. d3 O-O 9. Nbd2 Bh7 10. Qc2 Nbd7 11. Rad1 a5 12. a3 b5 13. Nd4 Qb6 14. cxb5 cxb5 15. Qc6 Qxc6 16. Nxc6 Bd6 17. Rc1 Rfc8 18. d4 b4 19. a4 Ne4 20. Nxe4 Bxe4 21. Bb5 Nf6 22. f3 Bg6 23. Ne5 Bh7 24. Rc6 Rxc6 25. Bxc6 Rc8 26. Rc1 Kf8 27. Kf2 Ke7 28. h4 Bxe5 29. dxe5 Nd7 30. Bd4 Bd3 31. Ke1 Ba6 32. Kd2 Rc7 33. g4 Nb8 34. Bc5+ Kd8 35. Bb6 Nxc6 36. Rxc6 Bb7 37. Rxc7 1-0

[Event "December 19 Early 2023"]
[Site "https://www.chess.com"]
[Date "2023.12.19"]
[Round "2"]
[White "Blokhin, Sofia"]
[Black "Valle Luis, Leo"]
[Result "1-0"]
[Board "193"]
[TimeControl "180+1"]
[WhiteFideId "4508190"]
[BlackFideId "54577187"]
[WhiteElo "1916"]
[BlackElo "2143"]
[WhiteTeam "EST"]
[BlackTeam "ESP"]
[WhiteClock "0:00:35"]
[BlackClock "0:00:38"]

1. d4 Nf6 2. c4 e6 3. a3 d5 4. Nc3 c6 5. e3 Be7 6. Nf3 O-O 7. cxd5 exd5 8. Bd3 Bg4 9. h3 Bh5 10. Qc2 Bg6 11. Ne5 Bxd3 12. Qxd3 Nbd7 13. f4 Bd6 14. O-O Re8 15. Bd2 Ne4 16. Nxe4 dxe4 17. Qb3 Bxe5 18. fxe5 Re7 19. Bb4 Re6 20. Rf4 a5 21. Bd6 a4 22. Qa2 Nf6 23. Raf1 Rxd6 24. exd6 Qxd6 25. g4 Rf8 26. Qc4 Nd5 27. Rxe4 Qg3+ 28. Kh1 Qxh3+ 29. Kg1 Nxe3 30. Qxf7+ Rxf7 31. Re8+ Rf8 1-0

[Event "December 19 Early 2023"]
[Site "https://www.chess.com"]
[Date "2023.12.19"]
[Round "2"]
[White "Karas, Marek"]
[Black "Obon Temprano, Sergi"]
[Result "1/2-1/2"]
[Board "194"]
[TimeControl "180+1"]
[WhiteFideId "14928558"]
[BlackFideId "2226545"]
[WhiteElo "2218"]
[BlackElo "2135"]
[WhiteTeam "CZE"]
[BlackTeam "ESP"]
[WhiteClock "0:00:03"]
[BlackClock "0:00:05"]

1. d4 d5 2. Nf3 Nf6 3. c4 c6 4. Nc3 e6 5. g3 Nbd7 6. Bg2 dxc4 7. O-O Bd6 8. e4 e5 9. Qe2 O-O 10. Qxc4 exd4 11. Qxd4 Bc5 12. Qa4 Nb6 13. Qc2 Qe7 14. Bg5 h6 15. Bxf6 Qxf6 16. e5 Qf5 17. Qxf5 Bxf5 18. Nh4 Bh7 19. Be4 Bd4 20. Bxh7+ Kxh7 21. Nf3 Bxc3 22. bxc3 Nd5 23. c4 Ne7 24. Rfd1 Rfd8 25. Rab1 b6 26. Kg2 c5 27. Ne1 Nc6 28. f4 Kg6 29. Nc2 f6 30. exf6 Kxf6 31. Ne3 Nd4 32. Nd5+ Kf7 33. a4 Re8 34. Rd2 Re4 35. a5 bxa5 36. Rb7+ Kg6 37. Ra2 Nf5 38. Rxa5 Rxc4 39. Ra6+ Kh7 40. Nf6+ Kh8 41. Raxa7 Ra4 42. Rxa8+ Rxa8 43. Ne4 Rc8 44. Kf3 c4 45. Nc3 Nd4+ 46. Ke4 Ne6 47. Kf5 Nd4+ 48. Ke4 Ne6 49. Re7 Nc5+ 50. Kd5 Nb3 51. f5 Nd2 52. Ke6 Nf3 53. h3 Nd4+ 54. Kf7 Nxf5 55. Rd7 Nxg3 56. Kg6 Rg8 57. Rc7 Nf1 58. Ne4 Ne3 59. Nd6 Rf8 60. Nf7+ Rxf7 61. Rxf7 Kg8 62. Rc7 Kf8 63. Rc8+ Ke7 64. Kxg7 h5 65. Kg6 h4 66. Kg5 Kd6 67. Kf4 Nd5+ 68. Kg4 c3 69. Kxh4 Ke5 70. Kg5 Kd4 71. h4 Ne7 72. Rd8+ Kc4 73. Rd7 Nc6 74. Rd1 Ne5 75. h5 c2 76. Rh1 Kd3 77. Kf5 Nf7 78. Kf6 Nh6 79. Kg5 Nf7+ 80. Kg6 Ne5+ 81. Kf6 Ng4+ 82. Kg5 Ne5 83. Kf4 Nf7 84. Rh3+ Kd2 85. Rh2+ Kd1 86. Rh1+ Kd2 87. Kf5 c1=Q 88. Rxc1 Kxc1 89. Kg6 Ne5+ 90. Kf5 Nf7 91. Kf6 Nh6 92. Kg5 Nf7+ 93. Kg6 Ne5+ 94. Kf5 Nf7 1/2-1/2

[Event "December 19 Early 2023"]
[Site "https://www.chess.com"]
[Date "2023.12.19"]
[Round "2"]
[White "Vincenti, Leonardo"]
[Black "Kochiev, Ivan"]
[Result "1/2-1/2"]
[Board "195"]
[TimeControl "180+1"]
[WhiteFideId "28550820"]
[BlackFideId "2917890"]
[WhiteElo "2054"]
[BlackElo "2285"]
[WhiteTeam "ITA"]
[BlackTeam "BUL"]
[WhiteClock "0:00:31"]
[BlackClock "0:00:12"]

1. e4 e5 2. Nf3 Nf6 3. Nc3 Nc6 4. d4 exd4 5. Nxd4 Bb4 6. Nxc6 bxc6 7. Bd3 d5 8. exd5 cxd5 9. O-O O-O 10. Bg5 c6 11. Qf3 Rb8 12. Ne2 Re8 13. Nd4 Bd7 14. Bxf6 Qxf6 15. Qxf6 gxf6 16. c3 Bc5 17. b3 Bd6 18. Nf5 Be5 19. Rac1 c5 20. Nh6+ Kg7 21. Nf5+ Bxf5 22. Bxf5 c4 23. bxc4 dxc4 24. f4 Bd6 25. Rf3 Re2 26. Rg3+ Kh8 27. Rh3 Rbb2 28. Rd1 Bc5+ 29. Kh1 Kg7 30. Rxh7+ Kf8 31. Rh8+ Kg7 32. Rh7+ Kg8 33. Rh3 Rxg2 34. Rg3+ Rxg3 35. hxg3 Rxa2 36. Rd8+ Kg7 37. Rc8 Bf2 38. g4 Bg3 39. Rxc4 Rf2 40. Ra4 Rxf4 41. Rxa7 Rc4 42. Ra3 Be5 43. Rb3 Rxc3 44. Rxc3 Bxc3 45. Kg2 Kh6 46. Kf3 Kg5 47. Ke4 Be5 48. Kd5 Bf4 49. Kc6 Be5 50. Kd7 Bf4 51. Ke7 Be5 52. Kxf7 Bf4 53. Ke7 Be5 54. Ke6 Bf4 55. Kd5 Be5 56. Ke6 Bf4 57. Kd5 Be5 58. Ke6 1/2-1/2

[Event "December 19 Early 2023"]
[Site "https://www.chess.com"]
[Date "2023.12.19"]
[Round "2"]
[White "Barwinska, Ewa"]
[Black "Hrebenshchykova, Yelyzaveta"]
[Result "1-0"]
[Board "196"]
[TimeControl "180+1"]
[WhiteFideId "21833761"]
[BlackFideId "14159899"]
[WhiteElo "1879"]
[BlackElo "2045"]
[WhiteTeam "POL"]
[BlackTeam "UKR"]
[WhiteClock "0:00:07"]
[BlackClock "0:00:00"]

1. e4 c5 2. Nf3 e6 3. d3 Nc6 4. g3 d5 5. Qe2 Nf6 6. e5 Nd7 7. Bg2 g6 8. O-O Bg7 9. Bf4 O-O 10. c4 f6 11. exf6 Nxf6 12. Nc3 Re8 13. Be5 Nxe5 14. Nxe5 b6 15. h4 Bb7 16. Bh3 d4 17. Nb1 Nd7 18. Nxd7 Qxd7 19. Nd2 Qc6 20. Ne4 Rf8 21. Qg4 Rae8 22. Rfe1 Rf5 23. Qe2 Rf7 24. Kh2 Ref8 25. Rf1 h6 26. Rae1 e5 27. Bg2 Rf5 28. Bh3 R5f7 29. Bg2 Qc7 30. Bh3 Bxe4 31. dxe4 Qd6 32. f3 d3 33. Qe3 Rd8 34. Rd1 Rff8 35. Rd2 Qd4 36. Qxd4 Rxd4 37. Be6+ Kh7 38. Bd5 Bf6 39. Rfd1 g5 40. hxg5 Bxg5 41. Rxd3 Rxf3 42. Rxf3 Rxd1 43. Rf7+ Kg6 44. Rxa7 Rd2+ 45. Kh3 Rxb2 46. Kg4 Be3 47. Bf7+ Kf6 48. Bd5 Rc2 49. Rf7+ Kg6 50. Rb7 Rb2 51. Rc7 Bd4 52. Rc6+ Kg7 53. Kf5 1-0

[Event "December 19 Early 2023"]
[Site "https://www.chess.com"]
[Date "2023.12.19"]
[Round "2"]
[White "Bressy, Theo"]
[Black "Golubenko, Valentina"]
[Result "0-1"]
[Board "197"]
[TimeControl "180+1"]
[WhiteFideId "26022842"]
[BlackFideId "4501993"]
[WhiteElo "2163"]
[BlackElo "2126"]
[WhiteTeam "FRA"]
[BlackTeam "CRO"]
[WhiteClock "0:00:13"]
[BlackClock "0:00:19"]

1. e4 g6 2. Nc3 Bg7 3. g3 c5 4. Bg2 Nc6 5. d3 e6 6. f4 Nge7 7. Nf3 d5 8. O-O O-O 9. h3 b6 10. Re1 Bb7 11. g4 f5 12. exf5 exf5 13. Ng5 Nd4 14. Ne6 Nxe6 15. Rxe6 Qd7 16. Qe2 Rae8 17. a4 Bc8 18. Rxe7 Rxe7 19. Bxd5+ Kh8 20. Qf3 fxg4 21. hxg4 Bd4+ 22. Kg2 Qxg4+ 23. Qxg4 Bxg4 24. Bd2 h5 25. Rh1 Kg7 26. Ne4 Bxb2 27. c3 Bf5 28. Rb1 Ba3 29. Rb3 c4 30. Rxa3 cxd3 31. Ng3 Bg4 32. c4 h4 33. Bc3+ Kh6 34. Ne4 Bf5 35. Nf2 Re2 36. Kf3 Rfe8 37. Bd4 d2 38. Ra1 Re1 39. Rd1 Rxd1 40. Nxd1 Re1 41. Ne3 d1=Q+ 42. Nxd1 Rxd1 43. Bf6 h3 44. Bg5+ Kg7 0-1

[Event "December 19 Early 2023"]
[Site "https://www.chess.com"]
[Date "2023.12.19"]
[Round "2"]
[White "Hnydiuk, Aleksander"]
[Black "Fernandez Hernandez, Gerardo"]
[Result "1-0"]
[Board "198"]
[TimeControl "180+1"]
[WhiteFideId "1109057"]
[BlackFideId "2207400"]
[WhiteElo "2374"]
[BlackElo "2261"]
[WhiteTeam "POL"]
[BlackTeam "ESP"]
[WhiteClock "0:00:15"]
[BlackClock "0:00:00"]

1. d4 Nf6 2. Nf3 g6 3. c4 Bg7 4. Nc3 O-O 5. e4 d6 6. Be2 Na6 7. O-O e5 8. Be3 Ng4 9. Bg5 Qe8 10. d5 h6 11. Bd2 f5 12. Ne1 Nf6 13. f3 f4 14. Nd3 g5 15. g4 h5 16. h3 Kf7 17. Kg2 Rh8 18. Rh1 Bd7 19. b4 Qe7 20. Qb3 Rh7 21. c5 Rah8 22. b5 Nxc5 23. Nxc5 dxc5 24. d6+ Be6 25. dxe7 Bxb3 26. axb3 hxg4 27. hxg4 Rxh1 28. Rxh1 Rxh1 29. Kxh1 Kxe7 30. Bc4 b6 31. Kg2 Ne8 32. Kf2 Nd6 33. Ke2 Bf6 34. Nd5+ Kf7 35. Nxc7+ Kg7 36. Bc3 Kg6 37. Kd3 Bg7 38. Ne6 Kf6 39. Nxg7 Kxg7 40. Bxe5+ Kg6 41. Bxd6 1-0

[Event "December 19 Early 2023"]
[Site "https://www.chess.com"]
[Date "2023.12.19"]
[Round "2"]
[White "Krzywda, Andrzej"]
[Black "Deveci, Huseyin Said"]
[Result "1-0"]
[Board "200"]
[TimeControl "180+1"]
[WhiteFideId "1114565"]
[BlackFideId "26322455"]
[WhiteElo "2130"]
[BlackElo "1954"]
[WhiteTeam "POL"]
[BlackTeam "TUR"]
[WhiteClock "0:01:19"]
[BlackClock "0:01:57"]

1. e4 c5 2. Nf3 e6 3. d4 cxd4 4. Nxd4 a6 5. h3 Nc6 6. Nxc6 bxc6 7. Bf4 d5 8. Nd2 Nf6 9. Bd3 Bc5 10. O-O O-O 11. Re1 Re8 12. c4 Qb6 13. Qf3 Qxb2 14. e5 Nd7 15. Reb1 Qd4 16. Nb3 Qc3 17. Bxh7+ 1-0

[Event "December 19 Early 2023"]
[Site "https://www.chess.com"]
[Date "2023.12.19"]
[Round "2"]
[White "Floresvillar Gonzalez, Luis Migu"]
[Black "Sreyas Payyappat"]
[Result "0-1"]
[Board "201"]
[TimeControl "180+1"]
[WhiteFideId "5100542"]
[BlackFideId "46674969"]
[WhiteElo "2040"]
[BlackElo "2043"]
[WhiteTeam "MEX"]
[BlackTeam "IND"]
[WhiteClock "0:00:37"]
[BlackClock "0:00:06"]

1. e4 c6 2. d4 d5 3. Nd2 dxe4 4. Nxe4 Nf6 5. Nxf6+ exf6 6. c3 Bd6 7. Bd3 O-O 8. Ne2 Re8 9. O-O Bg4 10. f3 Bh5 11. Bf4 Na6 12. Bxd6 Qxd6 13. Bxa6 bxa6 14. Qd2 Bg6 15. Nf4 Bf5 16. Rfe1 g5 17. Nd3 h5 18. Nc5 Kg7 19. Rxe8 Rxe8 20. Re1 Rxe1+ 21. Qxe1 Qd5 22. a3 a5 23. Kf2 Bg6 24. Qe3 Qa2 25. Qd2 Qb1 26. h3 a4 27. Nxa4 Bd3 28. Nc5 Qf1+ 29. Ke3 Bc4 30. b3 Qg1+ 31. Qf2 Qc1+ 32. Qd2 Qg1+ 33. Ke4 Bd5+ 34. Kf5 Qb1+ 35. Qd3 Qe1 36. c4 Be6+ 37. Nxe6+ Qxe6# 0-1

[Event "December 19 Early 2023"]
[Site "https://www.chess.com"]
[Date "2023.12.19"]
[Round "2"]
[White "Slade, Theodore"]
[Black "Rouast, Joseph"]
[Result "1-0"]
[Board "202"]
[TimeControl "180+1"]
[WhiteFideId "426547"]
[BlackFideId "45147000"]
[WhiteElo "1964"]
[BlackElo "2038"]
[WhiteTeam "ENG"]
[BlackTeam "FRA"]
[WhiteClock "0:02:09"]
[BlackClock "0:01:52"]

1. d4 Nf6 2. c4 g6 3. Nc3 Bg7 4. e4 d6 5. Nf3 O-O 6. Be2 Nbd7 7. O-O e5 8. Be3 a5 9. Qc2 Re8 10. d5 Nc5 11. Nd2 c6 12. b3 cxd5 13. cxd5 Bd7 14. Nb5 Qb6 15. a4 Rac8 16. Nc4 Ncxe4 17. Bxb6 1-0

[Event "December 19 Early 2023"]
[Site "https://www.chess.com"]
[Date "2023.12.19"]
[Round "2"]
[White "Semenova, Alina"]
[Black "Grochal, Joey"]
[Result "0-1"]
[Board "203"]
[TimeControl "180+1"]
[WhiteFideId "24113875"]
[BlackFideId "1019945"]
[WhiteElo "1827"]
[BlackElo "2231"]
[WhiteTeam "RUS"]
[BlackTeam "NED"]
[WhiteClock "0:00:00"]
[BlackClock "0:01:10"]

1. e4 e5 2. Nf3 Nc6 3. d4 exd4 4. Nxd4 Bc5 5. Be3 Qf6 6. c3 Nge7 7. Nc2 Bb6 8. Nd2 d5 9. Bb5 O-O 10. O-O d4 11. Nxd4 Nxd4 12. cxd4 Bxd4 13. Bxd4 Qxd4 14. Qc2 c6 15. Be2 Be6 16. Rad1 Rfd8 17. Nf3 Qb4 18. b3 a5 19. Ng5 Bd7 20. Bc4 Be8 21. e5 Ng6 22. e6 fxe6 23. Nxe6 Rxd1 24. Rxd1 Bf7 25. a3 Qe7 26. Nd4 Rd8 27. Nf3 Rxd1+ 28. Qxd1 Bxc4 29. bxc4 h6 30. a4 Nf4 31. g3 Qe2 32. Qb3 Nd3 33. Kg2 Qxf2+ 34. Kh3 Qxf3 35. c5+ Kh7 0-1

[Event "December 19 Early 2023"]
[Site "https://www.chess.com"]
[Date "2023.12.19"]
[Round "2"]
[White "Larina, Maria"]
[Black "Cervantes Landeiro, Thalia"]
[Result "0-1"]
[Board "204"]
[TimeControl "180+1"]
[WhiteFideId "24113182"]
[BlackFideId "3520498"]
[WhiteElo "1848"]
[BlackElo "2189"]
[WhiteTeam "FID"]
[BlackTeam "USA"]
[WhiteClock "0:00:16"]
[BlackClock "0:00:23"]

1. e4 c5 2. Nc3 d6 3. d4 cxd4 4. Qxd4 Nc6 5. Qd2 g6 6. b3 Bg7 7. Bb2 Nf6 8. O-O-O O-O 9. f3 Qa5 10. Kb1 Bd7 11. Nge2 Rfc8 12. g4 b5 13. g5 Nh5 14. Nd5 b4 15. Bxg7 Nxg7 16. Nd4 Kf8 17. Nxc6 Rxc6 18. Qxb4 Qd8 19. h4 a5 20. Qd4 a4 21. Bb5 axb3 22. cxb3 Qa5 23. Bxc6 Qxa2+ 24. Kc1 Rc8 25. Rd3 Rxc6+ 26. Nc3 Qa1+ 27. Kd2 Qxh1 28. Re3 Qxh4 29. Nd5 Qf2+ 30. Kd1 Qf1+ 31. Kd2 Qc1+ 32. Ke2 Rc2+ 33. Kd3 Rd2# 0-1

[Event "December 19 Early 2023"]
[Site "https://www.chess.com"]
[Date "2023.12.19"]
[Round "2"]
[White "Kurmangaliyeva, Liya"]
[Black "Silvestre, Christian"]
[Result "1/2-1/2"]
[Board "205"]
[TimeControl "180+1"]
[WhiteFideId "13725831"]
[BlackFideId "30956269"]
[WhiteElo "2077"]
[BlackElo "2237"]
[WhiteTeam "KAZ"]
[BlackTeam "USA"]
[WhiteClock "0:00:21"]
[BlackClock "0:00:16"]

1. d4 e5 2. dxe5 Nc6 3. Nf3 Qe7 4. Qd5 f6 5. exf6 Nxf6 6. Qd1 h6 7. e3 d5 8. Bb5 Bd7 9. O-O O-O-O 10. Nc3 Qf7 11. Bxc6 Bxc6 12. Ne5 Qe6 13. Nxc6 Qxc6 14. Qf3 Bd6 15. Rd1 Rhf8 16. Qh3+ Kb8 17. a4 g5 18. a5 h5 19. g3 h4 20. Ra4 hxg3 21. hxg3 Ne4 22. Nxe4 Qxa4 23. Nxg5 Qxc2 24. Rf1 Rh8 25. Qg2 Rdg8 26. f4 Qf5 27. Rd1 c6 28. a6 b6 29. Bd2 Bc5 30. b4 Be7 31. Bc3 Rh5 32. g4 Rhxg5 33. fxg5 Qxg5 34. Qf3 Qxg4+ 35. Qxg4 Rxg4+ 36. Kf2 Bxb4 37. Kf3 Rc4 38. Be5+ Kc8 39. Rg1 Kd7 40. Rg7+ Ke6 41. Bf4 Be7 42. Rg6+ Kf7 43. Rh6 Ra4 44. Rxc6 Rxa6 45. Rc7 Ke6 46. Rb7 Bf6 47. Bb8 Kf5 48. Rxa7 Rxa7 49. Bxa7 b5 50. Bc5 Ke6 51. Bb4 Be7 52. Bd2 b4 53. Ke2 b3 54. Kd3 Bf6 55. Bb4 b2 56. Kc2 Kf5 57. Bc5 Ke4 58. Bb6 Be5 59. Ba7 Bd6 60. Bb6 Be5 61. Ba7 Bc3 62. Bb6 Bd2 63. Kxb2 Bxe3 64. Ba5 d4 65. Kc2 Kf3 66. Kd3 Kf4 67. Bb6 Ke5 68. Bc7+ Kd5 69. Bb6 Bg1 70. Ba7 Bf2 71. Bb6 Be3 72. Ba7 Bg1 73. Bb6 Be3 74. Ba7 Bf2 75. Bb6 Be3 1/2-1/2

[Event "December 19 Early 2023"]
[Site "https://www.chess.com"]
[Date "2023.12.19"]
[Round "2"]
[White "Liu, Kelsey"]
[Black "Garagulya, Konstantin"]
[Result "1-0"]
[Board "206"]
[TimeControl "180+1"]
[WhiteFideId "30944481"]
[BlackFideId "4128931"]
[WhiteElo "2236"]
[BlackElo "2329"]
[WhiteTeam "USA"]
[BlackTeam "RUS"]
[WhiteClock "0:00:08"]
[BlackClock "0:00:00"]

1. d4 Nf6 2. c4 e6 3. Nf3 d5 4. g3 b6 5. Bg2 Ba6 6. cxd5 exd5 7. O-O h6 8. h4 Bd6 9. Ne5 O-O 10. Nc3 c6 11. Bf4 Re8 12. Qd2 Nh5 13. Nxd5 Nxf4 14. gxf4 Bxe5 15. dxe5 Bb7 16. e4 cxd5 17. exd5 Qxh4 18. Rfc1 Na6 19. Rc3 Rac8 20. Rh3 Qd8 21. Re1 Nc7 22. Rg3 Bxd5 23. Rd3 Qh4 24. Bxd5 Nxd5 25. Rxd5 Rc4 26. Rd4 Qg4+ 27. Kf1 Qh3+ 28. Ke2 Qg4+ 29. Kf1 Rec8 30. Rxc4 Rxc4 31. Qd8+ Kh7 32. Qd3+ g6 33. Qxc4 Qh3+ 34. Ke2 Qg4+ 35. Kd2 Qf5 36. Qe4 Qd7+ 37. Ke2 Qb5+ 38. Kf3 Qxb2 39. Qc4 Qa3+ 40. Kg2 Qe7 41. e6 Qb7+ 42. f3 fxe6 43. Qxe6 1-0

[Event "December 19 Early 2023"]
[Site "https://www.chess.com"]
[Date "2023.12.19"]
[Round "2"]
[White "Buksa, Nataliya"]
[Black "De Souza, Cristiano Gomes"]
[Result "1-0"]
[Board "207"]
[TimeControl "180+1"]
[WhiteFideId "14123622"]
[BlackFideId "2151758"]
[WhiteElo "2316"]
[BlackElo "2068"]
[WhiteTeam "UKR"]
[BlackTeam "BRA"]
[WhiteClock "0:02:22"]
[BlackClock "0:01:16"]

1. d4 Nf6 2. Nc3 g6 3. e4 d6 4. f4 c6 5. Nf3 Bg7 6. Bd3 O-O 7. h3 b5 8. a3 a5 9. O-O Bb7 10. e5 Ne8 11. Ne4 Nc7 12. a4 b4 13. c4 bxc3 14. bxc3 Nd5 15. c4 Nb4 16. Bb1 N8a6 17. Ng3 dxe5 18. fxe5 e6 19. Ne4 c5 20. Bg5 Qc7 21. Nf6+ Kh8 22. Qe1 cxd4 23. Qh4 h5 24. Nxh5 f5 25. Nf6+ 1-0

[Event "December 19 Early 2023"]
[Site "https://www.chess.com"]
[Date "2023.12.19"]
[Round "2"]
[White "Franchini, Gabriele"]
[Black "Azali, Tannaz"]
[Result "0-1"]
[Board "208"]
[TimeControl "180+1"]
[WhiteFideId "806790"]
[BlackFideId "12537721"]
[WhiteElo "2215"]
[BlackElo "1828"]
[WhiteTeam "ITA"]
[BlackTeam "IRI"]
[WhiteClock "0:00:00"]
[BlackClock "0:00:18"]

1. e4 c5 2. Nc3 e6 3. f4 d5 4. Nf3 Nf6 5. e5 Nfd7 6. d4 Nc6 7. Ne2 cxd4 8. Nexd4 Bc5 9. Be3 Qb6 10. Be2 Qxb2 11. O-O Qb6 12. Rb1 Qd8 13. f5 Nxd4 14. Bxd4 Bxd4+ 15. Qxd4 O-O 16. Bd3 exf5 17. Nh4 Nxe5 18. Nxf5 Bxf5 19. Bxf5 Nc6 20. Qd3 g6 21. Bh3 Rb8 22. g3 Qg5 23. Bg2 Rfd8 24. Rb5 Ne7 25. Re1 a6 26. Rc5 Rd7 27. Qb3 Rbd8 28. h3 Qd2 29. Rf1 Qd4+ 0-1

[Event "December 19 Early 2023"]
[Site "https://www.chess.com"]
[Date "2023.12.19"]
[Round "2"]
[White "Van Foreest, Machteld"]
[Black "Von Buelow, Georg"]
[Result "1-0"]
[Board "209"]
[TimeControl "180+1"]
[WhiteFideId "1051563"]
[BlackFideId "4620658"]
[WhiteElo "2212"]
[BlackElo "2220"]
[WhiteTeam "NED"]
[BlackTeam "GER"]
[WhiteClock "0:00:44"]
[BlackClock "0:00:00"]

1. d4 Nf6 2. c4 e6 3. Nf3 d5 4. g3 Bb4+ 5. Bd2 Be7 6. Bg2 O-O 7. O-O c6 8. Qc2 Nbd7 9. Bf4 b6 10. Rd1 Bb7 11. Nc3 dxc4 12. e4 b5 13. Ne5 a6 14. a4 Nh5 15. d5 Nxf4 16. dxc6 Nd3 17. cxb7 Rb8 18. Nc6 Qb6 19. Nxe7+ Kh8 20. e5 N7xe5 21. axb5 axb5 22. Ra8 Qc5 23. Nc8 Qc7 24. Nxb5 Qxb7 25. Bxb7 Rxb7 26. Nbd6 1-0

[Event "December 19 Early 2023"]
[Site "https://www.chess.com"]
[Date "2023.12.19"]
[Round "2"]
[White "Bach, Matthias"]
[Black "Ljukin, Sergei"]
[Result "1/2-1/2"]
[Board "210"]
[TimeControl "180+1"]
[WhiteFideId "4603168"]
[BlackFideId "14102200"]
[WhiteElo "2130"]
[BlackElo "2319"]
[WhiteTeam "GER"]
[BlackTeam "UKR"]
[WhiteClock "0:00:15"]
[BlackClock "0:00:18"]

1. d4 d5 2. c4 c6 3. Nc3 Nf6 4. Nf3 dxc4 5. e4 b5 6. Be2 e6 7. O-O b4 8. Na4 Nxe4 9. Bxc4 Nd7 10. Re1 Nef6 11. Qe2 Be7 12. Ng5 Nb6 13. Nxb6 axb6 14. Bf4 O-O 15. Be5 Nd5 16. Ne4 Nf6 17. Rad1 Bb7 18. h4 Nxe4 19. Qxe4 Bxh4 20. g3 Bf6 21. Bd3 g6 22. Qf4 Bxe5 23. dxe5 Qe7 24. Kg2 Rad8 25. Rh1 c5+ 26. f3 f6 27. Bxg6 hxg6 28. Rh6 Qg7 29. Rdh1 Rc8 30. Rh8+ Qxh8 31. Rxh8+ Kxh8 32. Qh6+ Kg8 33. Qxg6+ Kh8 34. Qh6+ Kg8 35. Qg6+ Kh8 36. exf6 Rc7 37. Qh6+ Kg8 38. Qg6+ Kh8 39. Qh6+ Kg8 40. Qg6+ Kh8 1/2-1/2

[Event "December 19 Early 2023"]
[Site "https://www.chess.com"]
[Date "2023.12.19"]
[Round "2"]
[White "Czerw, Dawid"]
[Black "Palmer, Reegan"]
[Result "1-0"]
[Board "211"]
[TimeControl "180+1"]
[WhiteFideId "1145746"]
[BlackFideId "14322145"]
[WhiteElo "2144"]
[BlackElo "1814"]
[WhiteTeam "POL"]
[BlackTeam "RSA"]
[WhiteClock "0:00:24"]
[BlackClock "0:00:03"]

1. e4 c5 2. Nf3 d6 3. d4 cxd4 4. Nxd4 Nf6 5. Nc3 a6 6. h4 e5 7. Nb3 Be7 8. Be2 h5 9. Bg5 Be6 10. Qd2 Nbd7 11. O-O-O Qc7 12. f3 b5 13. Nd5 Bxd5 14. exd5 Rc8 15. Kb1 Nb6 16. Bxf6 Bxf6 17. Na5 O-O 18. g4 e4 19. g5 Be5 20. f4 e3 21. Qd3 Bxf4 22. Bxh5 Nxd5 23. Qxd5 Qxc2+ 24. Ka1 e2 25. Rb1 Rc5 26. Qf3 Be5 27. Qxe2 Qa4 28. Nb3 Rc4 29. Rbf1 Rb4 30. Qf3 Rc4 31. Bxf7+ Kh8 32. Qh5# 1-0

[Event "December 19 Early 2023"]
[Site "https://www.chess.com"]
[Date "2023.12.19"]
[Round "2"]
[White "Zainullina, Nataliya"]
[Black "Hernando Rodrigo, Julio Antonio"]
[Result "1-0"]
[Board "212"]
[TimeControl "180+1"]
[WhiteFideId "4145488"]
[BlackFideId "2208350"]
[WhiteElo "2217"]
[BlackElo "2260"]
[WhiteTeam "RUS"]
[BlackTeam "ESP"]
[WhiteClock "0:00:38"]
[BlackClock "0:00:10"]

1. e4 e6 2. d4 d5 3. Nd2 c5 4. exd5 exd5 5. Ngf3 Nc6 6. Bb5 Qe7+ 7. Qe2 Qxe2+ 8. Kxe2 f6 9. Re1 Kf7 10. Bxc6 bxc6 11. Kf1 c4 12. b3 c3 13. Nb1 Bf5 14. Re2 Re8 15. Nxc3 Rxe2 16. Nxe2 Bxc2 17. Bf4 Bb4 18. a3 Ba5 19. b4 Bb6 20. Rc1 Bd3 21. Rxc6 Ne7 22. Rc3 Bc4 23. Nd2 Bxe2+ 24. Kxe2 Bxd4 25. Rc7 Bb6 26. Rb7 Ke6 27. a4 Rc8 28. a5 Bd4 29. Be3 Be5 30. f4 Bd6 31. Bxa7 Bxb4 32. Rxb4 Nc6 33. Rb7 Nxa5 34. Rxg7 Rc2 35. Kd3 Ra2 36. Rxh7 Nc6 37. Bc5 d4 38. g4 Kd5 39. Bf8 f5 40. Rd7+ Ke6 41. Rd6+ Kf7 42. Rxc6 Kxf8 43. gxf5 Ke7 44. f6+ Kf7 45. h4 Kg6 46. Ne4 Kf5 47. Rc5+ Kxf4 48. f7 Ra3+ 49. Kxd4 Ra4+ 50. Rc4 Ra8 51. Nd6 Rf8 52. Rc8 1-0

[Event "December 19 Early 2023"]
[Site "https://www.chess.com"]
[Date "2023.12.19"]
[Round "2"]
[White "Nilsen, Tobias Lang"]
[Black "Arshiya Das"]
[Result "1-0"]
[Board "213"]
[TimeControl "180+1"]
[WhiteFideId "1521624"]
[BlackFideId "25652150"]
[WhiteElo "2221"]
[BlackElo "1481"]
[WhiteTeam "NOR"]
[BlackTeam "IND"]
[WhiteClock "0:02:19"]
[BlackClock "0:02:15"]

1. e4 c5 2. Nf3 d6 3. Bb5+ Bd7 4. Bxd7+ Qxd7 5. O-O Nc6 6. c3 Nf6 7. Re1 e6 8. d4 cxd4 9. cxd4 d5 10. e5 Ne4 11. Nbd2 Nxd2 12. Bxd2 Be7 13. Re3 Rc8 14. a3 O-O 15. Bc3 a6 16. Ne1 b5 17. Qh5 b4 18. axb4 Nxb4 19. Rh3 h6 20. Rg3 Kh7 21. Bd2 Rh8 22. Bxh6 Kg8 23. Rxg7+ Kf8 24. Qxf7# 1-0